 Dungeon Crawl Stone Soup version 0.30-a0-953-g5f1da4a474 (webtiles) character file.

Game seed: 12737610786417939370

4 FallingFreak the Grasshopper (level 1, -3/17 HPs)
             Began as a Ghoul Warper on Mar 28, 2023.
             Slain by a quokka (4 damage)
             ... on level 1 of the Dungeon.
             The game lasted 00:00:25 (122 turns).

FallingFreak the Grasshopper (Ghoul Warper)          Turns: 122, Time: 00:00:26

Health: -3/17      AC:  3    Str: 14    XL:     1   Next: 60%
Magic:  2/2        EV: 11    Int:  8    God:
Gold:   30         SH:  0    Dex:  8    Spells: 3/3 levels left

rFire   . . .      SeeInvis .    a - +0 mace
rCold   + . .      Faith    .    (no shield)
rNeg    + + +      Spirit   .    b - +0 leather armour
rPois   ∞          Reflect  .    (no helmet)
rElec   .          Rampage  .    (no cloak)
rCorr   .                        (no gloves)
Will    .....                    (no boots)
Stlth   +                        (no amulet)
HPRegen 0.00/turn                (no ring)
MPRegen 0.08/turn                (no ring)

@: inhibited regen
A: claws 1, cold resistance 1, negative energy resistance 3, inhibited
regeneration, torment resistance 2, devour on kill
a: no special abilities


You were on level 1 of the Dungeon.
You visited 1 branch of the dungeon, and saw 1 of its levels.

You collected 30 gold pieces.

Inventory:

Hand Weapons
 a - a +0 mace (weapon)
Missiles
 d - 7 boomerangs of dispersal (quivered) {!f}
Armour
 b - a +0 leather armour (worn)
Scrolls
 c - a scroll of identify {unknown}
 e - a scroll of noise {unknown}
 f - a scroll of blinking
 g - a scroll of silence {unknown}
Potions
 h - a potion of mutation {unknown}


   Skills:
 + Level 2.2 Fighting
 + Level 1.8 Maces & Flails
 - Level 0.8 Throwing
 + Level 1.0 Armour
 - Level 1.7 Dodging
 + Level 1.8 Spellcasting
 + Level 2.7 Translocations


You had 3 spell levels left.
You didn't know any spells.
Your spell library contained the following spells:

 Spells                   Type           Power      Damage    Failure   Level
 Blink                    Tloc           10%        N/A       22%         2
 Lesser Beckoning         Tloc           10%        N/A       22%         2
 Teleport Other           Tloc           5%         N/A       41%         3
 Ensorcelled Hibernation  Hex/Ice        0%         N/A       56%         2
 Vhi's Electric Charge    Tloc/Air       4%         N/A       58%         3
 Manifold Assault         Tloc           5%         N/A       82%         4
 Anguish                  Hex/Necr       0%         N/A       99%         4
 Spider Form              Tmut/Pois      Unusable   N/A       N/A         3

Dungeon Overview and Level Annotations

Branches:
Dungeon (1/15) Zot: 5871

Altars:


Innate Abilities, Weirdness & Mutations

You are immune to poison.
You have sharp fingernails.
Your flesh is cold resistant. (rC+)
You are immune to negative energy. (rN+++)
You do not regenerate when monsters are visible.
You are immune to unholy pain and torment.
You thrive by killing the living.


Message History

Unknown command.
Hit: a) +0 mace
Press: ? - help, Dir - move target, f/p - hobgoblin
Aim: a hobgoblin (about 44% to evade your +0 mace)
You hit the hobgoblin but do no damage.
The hobgoblin hits you but does no damage. x2
Unknown command.
Hit: a) +0 mace
Press: ? - help, Dir - move target, f/p - hobgoblin
Aim: a hobgoblin (about 44% to evade your +0 mace)
You closely miss the hobgoblin. The hobgoblin hits you.
* * * LOW HITPOINT WARNING * * *
Unknown command.
Hit: a) +0 mace
Press: ? - help, Dir - move target, f/p - hobgoblin
Aim: a hobgoblin (about 44% to evade your +0 mace)
You hit the hobgoblin.
The hobgoblin is almost dead.
The hobgoblin misses you.
Unknown command.
Hit: a) +0 mace
Press: ? - help, Dir - move target, f/p - hobgoblin
Aim: a hobgoblin (almost dead, about 44% to evade your +0 mace)
You hit the hobgoblin.
You kill the hobgoblin!
Unknown command.
Hit: a) +0 mace
Press: ? - help, Dir - move target, f - quokka
Aim: a quokka (about 57% to evade your +0 mace)
You hit the quokka but do no damage. The quokka bites you.
* * * LOW HITPOINT WARNING * * *
The quokka barely misses you.
Unknown command.
Hit: a) +0 mace
Press: ? - help, Dir - move target, f/p - quokka
Aim: a quokka (about 57% to evade your +0 mace)
You hit the quokka. Your claw misses the quokka.
The quokka is heavily wounded.
The quokka bites you.
You die...

###.####.#
#...r@...#
.....#.######
=...#.#.# .#.
. ..# #
##.### .. ##


You could see a quokka.

Vanquished Creatures
  2 endoplasms (D:1)
  A hobgoblin (D:1)
3 creatures vanquished.

Notes
Turn   | Place    | Note
-------+----------+-------------------------------------------
     0 | D:1      | FallingFreak the Ghoul Warper began the quest for the Orb.
     0 | D:1      | Reached XP level 1. HP: 17/17 MP: 2/2
   110 | D:1      | Reached skill level 1 in Armour
   122 | D:1      | Slain by a quokka

Illustrated notes

Levels and vault maps discovered:
D:1:      psy_arrival_statuary, layout_loops_corners

Skill      XL: |  1 |
---------------+----+-----
Armour         | 1 |  1.0
Fighting       | |  2.2
Maces & Flails | |  1.8
Throwing       | |  0.8
Dodging        | |  1.7
Spellcasting   | |  1.8
Translocations | |  2.7

Action                     || total
---------------------------++-------
  Melee: Mace              ||    18
 Armour: Leather armour    ||     8
  Dodge: Dodged            ||     9

Table legend: (Time is in decaauts)
 A = Elapsed time spent in this place.
 B = Non-inter-level travel time spent in this place.
 C = Inter-level travel time spent in this place.
 D = Time resting spent in this place.
 E = Time spent auto-exploring this place.
 F = Levels seen in this place.
 G = Mean time per level.
                   A        B        C        D        E       F      G
               +--------+--------+--------+--------+--------+-----+--------+
         Total |    127 |    127 |      0 |      0 |     93 |   1 |  127.0 |
       Dungeon |    127 |    127 |      0 |      0 |     93 |   1 |  127.0 |
               +--------+--------+--------+--------+--------+-----+--------+

Top non-repeatable levels by time:
     D:1: 127 daAuts
